[Event "Titled Tuesday Blitz February 22 Late 2022"]
[White "Zakhartsov, Vladimir"]
[Black "Vidit, Santosh Gujrathi"]
[WhiteFideId "4145097"]
[BlackFideId "5029465"]
[WhiteElo "2432"]
[BlackElo "2654"]
[Result "0-1"]
[Round "03"]
[TimeControl "180+1"]
[Date "2022.02.22"]
[WhiteClock "0:00:01"]
[BlackClock "0:00:04"]

1. e4 e5 2. Nf3 Nc6 3. Bb5 a6 4. Bxc6 dxc6 5. O-O Bd6 6. d4 exd4 7. Qxd4 f6 8. Nbd2 Be6 9. b3 Ne7 10. Nc4 Bxc4 11. Qxc4 Ng6 12. Nd4 Qd7 13. Nf5 Be5 14. Rb1 O-O-O 15. Be3 Bf4 16. Bxf4 Nxf4 17. g3 Ne6 18. Rbd1 Qxd1 19. Rxd1 Rxd1+ 20. Kg2 Re8 21. h4 g6 22. Ne3 Rd4 23. Qc3 Rf8 24. f3 Rfd8 25. Kh3 h5 26. a4 Kb8 27. Nc4 g5 28. Ne3 gxh4 29. Kxh4 Ng7 30. Kh3 R4d6 31. Nc4 Rd4 32. Ne3 R4d6 33. a5 Rd4 34. Qc5 R4d6 35. Nc4 Re6 36. b4 Rde8 37. Ne3 Re5 38. Qd4 f5 39. Nc4 R5e7 40. e5 Ne6 41. Qe3 f4 42. gxf4 Rf7 43. Nd2 Rxf4 44. c3 Ref8 45. Kg2 h4 46. Kh2 Kc8 47. Qa7 Ng5 48. e6 Nxe6 49. Qa8+ Kd7 50. Qxb7 R8f5 51. Qxa6 Rd5 52. Ne4 Rxf3 53. Qe2 Rf4 54. a6 Rf8 55. c4 Rd4 56. a7 Ra8 57. Nf6+ Ke7 58. Qxe6+ Kxe6 0-1


[Site "https://www.chess.com"]

[Event "Titled Tuesday Blitz February 22 Late 2022"]
[White "Zhou, Qiyu"]
[Black "Karttunen, Mika"]
[WhiteFideId "505161"]
[BlackFideId "502081"]
[WhiteElo "1925"]
[BlackElo "2343"]
[Result "0-1"]
[Round "03"]
[TimeControl "180+1"]
[Date "2022.02.23"]
[WhiteClock "0:00:04"]
[BlackClock "0:00:20"]

1. e4 c5 2. Nf3 d6 3. d4 cxd4 4. Nxd4 Nf6 5. Nc3 a6 6. Be3 e5 7. Nb3 Be7 8. h3 h5 9. Qd2 Be6 10. O-O-O Nbd7 11. f4 Rc8 12. Bd3 b5 13. Kb1 h4 14. Rhf1 Qc7 15. Ne2 Nc5 16. Nxc5 dxc5 17. c3 Rd8 18. Qc1 Rxd3 19. Rxd3 Bc4 20. Qc2 Nxe4 21. fxe5 O-O 22. Bf4 Qc6 23. Re3 Rd8 24. Rd1 Rxd1+ 25. Qxd1 Qg6 26. Ka1 Qxg2 27. b3 Be6 28. Kb2 c4 29. Qg1 Qxg1 30. Nxg1 Nc5 31. Nf3 cxb3 32. axb3 Nxb3 33. Nd4 Na5 34. Nxe6 Nc4+ 35. Kc2 Nxe3+ 36. Bxe3 fxe6 37. Kb3 Kf7 38. c4 bxc4+ 39. Kxc4 Kg6 40. Kd3 Kf5 41. Bd4 0-1


[Site "https://www.chess.com"]

[Event "Titled Tuesday Blitz February 22 Late 2022"]
[White "Zlatin, Alexander"]
[Black "Lopez Perdomo, Juan David"]
[WhiteFideId "2810549"]
[BlackFideId "4405137"]
[WhiteElo "2228"]
[BlackElo "1997"]
[Result "1-0"]
[Round "03"]
[TimeControl "180+1"]
[Date "2022.02.23"]
[WhiteClock "0:00:44"]
[BlackClock "0:00:03"]

1. e4 e6 2. d4 d5 3. exd5 exd5 4. Nf3 Nf6 5. Bd3 Bd6 6. O-O O-O 7. Bg5 Bg4 8. c3 c6 9. Nbd2 Nbd7 10. Qc2 Qc7 11. Rae1 Rae8 12. Bf5 Bf4 13. Bxg4 Rxe1 14. Rxe1 Nxg4 15. g3 Bxg5 16. Nxg5 Ngf6 17. Qf5 h6 18. Nh3 Re8 19. Rxe8+ Nxe8 20. Nf4 Nd6 21. Qd3 Nf6 22. Qe2 Nde4 23. Nxe4 Nxe4 24. f3 Nd6 25. Qe5 Qd7 26. g4 Nc4 27. Qb8+ Kh7 28. b3 Nd2 29. Kf2 a6 30. Qe5 f6 31. Qe2 Nb1 32. Qc2+ Kg8 33. Qxb1 Qd6 34. Qf5 Kf7 35. Qg6+ Kg8 36. Qe8+ Kh7 37. Qe3 1-0


[Site "https://www.chess.com"]

[Event "Titled Tuesday Blitz February 22 Late 2022"]
[White "volunteers1998"]
[Black "Urbina Perez, Juan Antonio"]
[BlackFideId "2217368"]
[WhiteElo "2258"]
[BlackElo "2192"]
[Result "1-0"]
[Round "03"]
[TimeControl "180+1"]
[Date "2022.02.23"]
[WhiteClock "0:00:26"]
[BlackClock "0:00:37"]

1. e4 e5 2. Nf3 Nc6 3. Bc4 Bc5 4. b4 Bxb4 5. c3 Ba5 6. d4 Nxd4 7. Nxe5 Ne6 8. Nxf7 Kxf7 9. Bxe6+ Kxe6 10. Qd5+ Ke7 11. Qxa5 d6 12. Bg5+ Nf6 13. O-O Re8 14. Nd2 c6 15. Qxd8+ Rxd8 16. f4 h6 17. Bh4 Kf7 18. e5 dxe5 19. fxe5 Rxd2 20. exf6 g5 21. Bf2 Be6 22. a4 b6 23. Rfe1 Rb8 24. Rad1 Rxd1 25. Rxd1 Bd5 26. h3 Kxf6 27. c4 Be6 28. a5 bxa5 29. Bxa7 Rb4 30. Bd4+ Kg6 31. Bc3 Rxc4 32. Bxa5 Bd5 33. Rd2 Rc1+ 34. Kh2 Rc4 35. Bc7 Kf5 36. g4+ Ke4 37. Bg3 Ke3 38. Rb2 Kd3 39. Bd6 Rc2+ 40. Rxc2 Kxc2 41. Bf8 Kd3 42. Bxh6 c5 43. Bxg5 c4 44. Kg3 Ke4 45. h4 Be6 46. Bc1 Ke5 47. h5 Kd6 48. Kf4 Ke7 49. g5 Bf7 50. g6 Be8 51. Bb2 Kf8 52. Kg5 Kg8 53. h6 Bxg6 54. Kxg6 c3 55. Bxc3 1-0


[Site "https://www.chess.com"]

[Event "Titled Tuesday Blitz February 22 Late 2022"]
[White "Adury, Anant"]
[Black "Mortazavi, Ali"]
[WhiteFideId "30964687"]
[BlackFideId "401323"]
[WhiteElo "2309"]
[BlackElo "2339"]
[Result "0-1"]
[Round "04"]
[TimeControl "180+1"]
[Date "2022.02.23"]
[WhiteClock "0:00:42"]
[BlackClock "0:01:19"]

1. d4 Nf6 2. c4 g6 3. Nc3 Bg7 4. e4 O-O 5. h3 d6 6. Bg5 c5 7. d5 b5 8. cxb5 a6 9. bxa6 Qa5 10. Bd3 Bxa6 11. Ne2 Nbd7 12. O-O Ne5 13. Bxa6 Qxa6 14. b3 Rfb8 15. f4 Nd3 16. Qd2 c4 17. Rad1 Qb6+ 18. Kh2 Nf2 19. e5 N6e4 20. Nxe4 Nxe4 21. Qd4 Nxg5 22. Qxb6 Rxb6 23. fxg5 Bxe5+ 24. Kh1 Rxa2 25. Nc1 cxb3 26. Nxa2 bxa2 27. Kg1 Rb5 28. Kf2 a1=Q 29. Rxa1 Bxa1 30. Rxa1 Rxd5 31. h4 Rd3 32. Ra7 e6 33. g4 Kg7 34. h5 gxh5 35. gxh5 Rh3 36. h6+ Kg6 37. Ra8 Kxg5 38. Rf8 Rxh6 39. Rxf7 Rf6+ 0-1


[Site "https://www.chess.com"]

[Event "Titled Tuesday Blitz February 22 Late 2022"]
[White "Andreikin, Dmitry"]
[Black "Csonka, Balazs"]
[WhiteFideId "4158814"]
[BlackFideId "742910"]
[WhiteElo "2736"]
[BlackElo "2404"]
[Result "1-0"]
[Round "04"]
[TimeControl "180+1"]
[Date "2022.02.22"]
[WhiteClock "0:02:08"]
[BlackClock "0:00:02"]

1. d4 d5 2. c4 c6 3. Nf3 Nf6 4. e3 a6 5. Nc3 Bf5 6. Qb3 b5 7. c5 a5 8. Ne5 a4 9. Qd1 e6 10. g4 Be4 11. f3 Bg6 12. h4 h5 13. g5 Nfd7 14. Nxg6 fxg6 15. Bd3 Kf7 16. Qc2 e5 17. Bxg6+ Kg8 18. f4 e4 19. b3 a3 20. b4 Na6 21. Qb3 Qe7 22. Bxe4 1-0


[Site "https://www.chess.com"]

[Event "Titled Tuesday Blitz February 22 Late 2022"]
[White "Ankerst, Mihael"]
[Black "Sharafiev, Azat"]
[WhiteFideId "14602369"]
[BlackFideId "4186214"]
[WhiteElo "2350"]
[BlackElo "2299"]
[Result "0-1"]
[Round "04"]
[TimeControl "180+1"]
[Date "2022.02.23"]
[WhiteClock "0:00:03"]
[BlackClock "0:00:27"]

1. e4 c5 2. Nf3 e6 3. d4 cxd4 4. Nxd4 Nc6 5. Nxc6 bxc6 6. Nd2 d5 7. Bd3 Bd6 8. O-O Ne7 9. c4 a5 10. Qe2 O-O 11. Nf3 h6 12. e5 Bc7 13. Bf4 Ba6 14. Rac1 a4 15. Rfe1 Rb8 16. Rc2 Rb4 17. h4 Qb8 18. Bc1 Ba5 19. Rd1 Rd8 20. Rf1 Rb7 21. h5 Kf8 22. Rd1 Rb4 23. Rf1 Rb7 24. Rd1 Rbd7 25. c5 Bxd3 26. Qxd3 Kg8 27. Nd4 Qxe5 28. Qa6 Qxh5 29. f3 Bc7 30. Nxc6 Qh2+ 31. Kf2 Bg3+ 32. Ke3 Nxc6 33. Qxc6 Qh5 34. Ke2 Rc7 35. Qb6 Qf5 36. Rc3 d4 37. Rc4 d3+ 38. Kf1 d2 39. Ke2 Qd3# 0-1


[Site "https://www.chess.com"]

[Event "Titled Tuesday Blitz February 22 Late 2022"]
[White "Antonio, Jorge Carlos"]
[Black "Murzin, Volodar"]
[WhiteFideId "113190"]
[BlackFideId "44155573"]
[WhiteElo "2247"]
[BlackElo "2585"]
[Result "0-1"]
[Round "04"]
[TimeControl "180+1"]
[Date "2022.02.23"]
[WhiteClock "0:01:05"]
[BlackClock "0:00:17"]

1. e4 c5 2. Nc3 d6 3. d3 Nc6 4. f4 g6 5. g3 Bg7 6. Bg2 e6 7. Nf3 Nge7 8. O-O O-O 9. Nh4 Rb8 10. Bh3 Nd4 11. Be3 b5 12. Bxd4 Bxd4+ 13. Kh1 b4 14. Ne2 Bxb2 15. Rb1 Bf6 16. Nf3 Bb7 17. g4 Nc6 18. g5 Bg7 19. Bg2 Re8 20. Qe1 a5 21. Qh4 Rc8 22. Rg1 Nd4 23. Nexd4 cxd4 24. Ne1 Rc5 25. Bf3 Qc7 26. Rg3 Qe7 27. Rh3 h5 28. gxh6 Qxh4 29. Rxh4 Bf6 30. Rh3 Kh7 31. Bd1 Be7 32. Nf3 f5 33. Ng5+ Bxg5 34. fxg5 fxe4 35. dxe4 Bxe4+ 36. Kg1 Rxg5+ 37. Rg3 Rxg3+ 38. hxg3 Rc8 39. a3 bxa3 40. g4 Kxh6 41. Ra1 Rc3 42. Kf2 Bxc2 43. Bxc2 Rxc2+ 44. Kf3 Kg5 45. Rxa3 Rc3+ 46. Rxc3 dxc3 47. Ke3 Kxg4 48. Kd3 Kf3 49. Kxc3 g5 0-1


[Site "https://www.chess.com"]

[Event "Titled Tuesday Blitz February 22 Late 2022"]
[White "Ardila, Oscar Humberto"]
[Black "Levine, Joseph"]
[WhiteFideId "4404742"]
[BlackFideId "30940346"]
[WhiteElo "1898"]
[BlackElo "1802"]
[Result "1/2-1/2"]
[Round "04"]
[TimeControl "180+1"]
[Date "2022.02.23"]
[WhiteClock "0:00:08"]
[BlackClock "0:00:07"]

1. d4 d5 2. c4 e6 3. Nc3 Nf6 4. Bg5 Nbd7 5. e3 c6 6. Nf3 Qa5 7. Bxf6 Nxf6 8. Qc2 Bb4 9. Bd3 dxc4 10. Bxc4 Nd5 11. Rc1 b5 12. Bd3 Qxa2 13. O-O Bxc3 14. bxc3 Qxc2 15. Rxc2 Bd7 16. Ne5 f6 17. Nf3 Ke7 18. Ra1 a5 19. e4 Nb6 20. e5 a4 21. exf6+ gxf6 22. Re2 Nd5 23. Rc2 Kd6 24. Nd2 f5 25. Nf3 Ra7 26. Ne5 Rha8 27. g3 a3 28. Kf1 Be8 29. f4 Ne3+ 30. Ke2 Nxc2 31. Bxc2 c5 32. dxc5+ Kxc5 33. Bb3 Ra6 34. Ba2 b4 35. cxb4+ Kxb4 36. Rc1 Bb5+ 37. Ke3 Rd6 38. Rb1+ Ka5 39. Rc1 Rad8 40. Rc5 Kb6 41. Rc2 Ba4 42. Nc4+ Ka7 43. Rc3 Ra6 44. Rxa3 Bb5 45. Rxa6+ Kxa6 46. Ne5 Rd6 47. Bb3 Kb6 48. h3 Kc5 49. g4 fxg4 50. hxg4 Kb4 51. Bc2 Kc3 52. Bxh7 Rd1 53. Kf2 Rd2+ 54. Kg3 Ra2 55. Kh4 Kd4 56. Kg5 Ke3 57. Bg8 Ra4 58. Bxe6 Rxf4 59. Ng6 Ra4 60. Bf5 Ra6 61. Ne5 Kd4 62. Nf3+ Kd5 63. Kf4 Kd6 64. Kg5 Ke7 65. Ne5 Kf8 66. Ng6+ Kg7 67. Nf4 Be8 68. Ne6+ Kg8 69. Kf6 Bf7 70. g5 Rb6 71. g6 Bxe6 72. Bxe6+ Rxe6+ 73. Kxe6 Kg7 74. Kf5 Kg8 75. Kg5 Kg7 76. Kf5 Kg8 77. Kf6 Kf8 78. Kg5 Kg7 79. Kh5 Kg8 80. Kh6 Kh8 81. g7+ Kg8 82. Kg6 1/2-1/2


[Site "https://www.chess.com"]

[Event "Titled Tuesday Blitz February 22 Late 2022"]
[White "Aukhatov, Roman"]
[Black "Badmatsyrenov, Oleg"]
[WhiteFideId "44150768"]
[BlackFideId "24115762"]
[WhiteElo "2112"]
[BlackElo "2403"]
[Result "0-1"]
[Round "04"]
[TimeControl "180+1"]
[Date "2022.02.23"]
[WhiteClock "0:00:01"]
[BlackClock "0:00:13"]

1. Nf3 c5 2. c4 Nf6 3. Nc3 e6 4. g3 b6 5. Bg2 Bb7 6. O-O Be7 7. d4 cxd4 8. Qxd4 d6 9. Bg5 a6 10. Bxf6 Bxf6 11. Qf4 Be7 12. Rfd1 O-O 13. Ne4 Bxe4 14. Qxe4 Ra7 15. Nd4 Rc7 16. b3 Re8 17. a4 Bf6 18. Ra2 Nd7 19. Nc6 Qc8 20. Rxd6 Nc5 21. Qf3 a5 22. Rad2 e5 23. Rxf6 e4 24. Qh5 gxf6 25. Nd4 Re5 26. Qh6 Rd7 27. Bh3 e3 28. Bxd7 exd2 29. Qxd2 Qxd7 30. e3 Ne4 31. Qe2 Ng5 32. h4 Qxd4 33. hxg5 Qa1+ 34. Kg2 Rxg5 35. Qf3 Kg7 36. Qc6 h5 37. Qxb6 h4 38. c5 h3+ 39. Kh2 Qf1 0-1


[Site "https://www.chess.com"]

[Event "Titled Tuesday Blitz February 22 Late 2022"]
[White "Avila Pavas, Santiago"]
[Black "Indjic, Aleksandar"]
[WhiteFideId "4437128"]
[BlackFideId "911925"]
[WhiteElo "2242"]
[BlackElo "2616"]
[Result "0-1"]
[Round "04"]
[TimeControl "180+1"]
[Date "2022.02.22"]
[WhiteClock "0:00:09"]
[BlackClock "0:00:23"]

1. d4 Nf6 2. Nf3 e6 3. g3 c5 4. Bg2 cxd4 5. Nxd4 d5 6. O-O e5 7. Nb3 Be6 8. c4 Nc6 9. cxd5 Bxd5 10. Nc3 Bxg2 11. Kxg2 h6 12. Be3 Bb4 13. Qc2 Bxc3 14. Qxc3 Nd5 15. Qc5 Nxe3+ 16. fxe3 Qe7 17. Rac1 Rc8 18. Na5 f6 19. Rfd1 O-O 20. Qxe7 Nxe7 21. Nxb7 Rxc1 22. Rxc1 Rb8 23. Rc7 Nd5 24. Rd7 Nxe3+ 25. Kf3 Nf5 26. e3 h5 27. Ke4 Rxb7 28. Rd8+ Kh7 29. Kxf5 Rxb2 30. h4 Rxa2 31. Ra8 Rg2 32. Rxa7 Rxg3 33. e4 Rg4 34. Ra1 Rxh4 35. Rg1 Rf4+ 36. Ke6 Rg4 37. Rh1 Kg6 38. Rf1 Rxe4 39. Rg1+ Rg4 40. Rf1 h4 41. Rh1 Kg5 42. Kd5 g6 43. Ke6 e4 44. Kd5 f5 45. Ke5 Rg3 46. Rf1 h3 47. Kd4 Kg4 48. Ke5 h2 49. Rh1 Rg2 50. Kf6 Kh3 51. Ke5 Rg1 52. Kf4 Rxh1 53. Ke3 Rf1 54. Ke2 Rf3 55. Kd2 h1=Q 56. Ke2 Qg2+ 57. Ke1 Rf2 58. Kd1 Rf1# 0-1


[Site "https://www.chess.com"]

[Event "Titled Tuesday Blitz February 22 Late 2022"]
[White "Avramidou, Anastasia"]
[Black "Todorovic, Bojan"]
[WhiteFideId "4239873"]
[BlackFideId "917087"]
[WhiteElo "2183"]
[BlackElo "2266"]
[Result "1-0"]
[Round "04"]
[TimeControl "180+1"]
[Date "2022.02.23"]
[WhiteClock "0:00:05"]
[BlackClock "0:00:03"]

1. c4 g6 2. Nc3 Bg7 3. e4 d6 4. d4 Nf6 5. h3 O-O 6. Be3 Nc6 7. d5 Ne5 8. f4 Ned7 9. Nf3 e6 10. Qd2 exd5 11. cxd5 Re8 12. Bd3 Nc5 13. Bxc5 dxc5 14. O-O c6 15. dxc6 Qb6 16. e5 c4+ 17. Kh1 Nh5 18. cxb7 Bxb7 19. Bxc4 Ng3+ 20. Kh2 Nxf1+ 21. Rxf1 Rac8 22. Bb3 Red8 23. Qe1 Bxf3 24. Rxf3 Kf8 25. f5 gxf5 26. Rxf5 Rc7 27. e6 Qd6+ 28. Kh1 Re7 29. Qf1 Kg8 30. Rxf7 Kh8 31. Rxe7 Qxe7 32. Qf7 Qh4 33. Qf1 Re8 34. Ne2 Be5 35. Qf5 Qe1+ 36. Ng1 Qg3 37. Nf3 Rg8 38. Qc2 1-0


[Site "https://www.chess.com"]

[Event "Titled Tuesday Blitz February 22 Late 2022"]
[White "Babazada, Khazar"]
[Black "Fedoseev, Vladimir"]
[WhiteFideId "13413554"]
[BlackFideId "24130737"]
[WhiteElo "2418"]
[BlackElo "2726"]
[Result "0-1"]
[Round "04"]
[TimeControl "180+1"]
[Date "2022.02.22"]
[WhiteClock "0:00:04"]
[BlackClock "0:00:07"]

1. e4 c6 2. d4 d5 3. Nc3 dxe4 4. Nxe4 Bf5 5. Ng3 Bg6 6. Nf3 Nd7 7. h4 h6 8. h5 Bh7 9. Bd3 Bxd3 10. Qxd3 Qc7 11. Bd2 e6 12. O-O-O Ngf6 13. Ne4 Be7 14. g4 Nxg4 15. Rhg1 Ndf6 16. Nxf6+ Nxf6 17. Rxg7 Bf8 18. Rgg1 O-O-O 19. Ne5 Bd6 20. Qf3 Bxe5 21. dxe5 Qxe5 22. Bc3 Rxd1+ 23. Rxd1 Qg5+ 24. Bd2 Qh4 25. Bc3 Qg5+ 26. Kb1 e5 27. Re1 Re8 28. a4 Re6 29. Qd3 Qxh5 30. Ba5 Nd5 31. c4 e4 32. Qd4 Nc7 33. Rd1 b6 34. Qd8+ Kb7 35. Rd7 Qh2 36. Bb4 c5 37. Bd2 Rc6 38. Rxf7 Qd6 39. Qxd6 Rxd6 40. Bf4 Rc6 41. Rh7 Kc8 42. Rh8+ Kd7 43. Bxh6 Ne6 44. Be3 Kd6 45. Rh4 Ke5 46. Rh5+ Kf6 47. Rh4 Kf5 48. Rh5+ Kg4 49. Re5 Kf3 50. Rf5+ Ke2 51. Re5 Kd3 52. b3 Nd4 53. Kb2 Rg6 54. a5 Rg1 55. a6 Rg7 56. Rd5 Rf7 57. Rd6 Ke2 58. Rd8 Nc6 59. Rc8 Nb4 60. Re8 Kf3 61. Rd8 Nxa6 62. Bd2 Nb4 63. Bxb4 cxb4 64. Rd4 Re7 65. Rd2 Rg7 66. Kc2 Rg2 67. Rd7 Rxf2+ 68. Kd1 Ke3 69. Rxa7 Rb2 70. Rb7 Kd3 71. Rd7+ Kc3 72. Re7 Rb1+ 73. Ke2 Kxb3 74. Rxe4 Kc2 75. Re6 b3 76. Rxb6 Rh1 77. Ke3 Rh4 78. c5 b2 79. c6 Rc4 0-1


[Site "https://www.chess.com"]

[Event "Titled Tuesday Blitz February 22 Late 2022"]
[White "Baches Garcia, Guillermo"]
[Black "Aggelis, Nikolaos"]
[WhiteFideId "2209764"]
[BlackFideId "4213220"]
[WhiteElo "2398"]
[BlackElo "2154"]
[Result "1/2-1/2"]
[Round "04"]
[TimeControl "180+1"]
[Date "2022.02.23"]
[WhiteClock "0:00:08"]
[BlackClock "0:01:09"]

1. e4 c5 2. Nf3 Nc6 3. d4 cxd4 4. Nxd4 Nf6 5. Nc3 e6 6. Ndb5 Bc5 7. Bf4 O-O 8. Bc7 Qe7 9. Bd6 Bxd6 10. Qxd6 Qd8 11. O-O-O a6 12. Nd4 Nxd4 13. Qxd4 b5 14. e5 Ne8 15. Ne4 Bb7 16. Nc5 Bd5 17. Kb1 d6 18. exd6 Nxd6 19. Bd3 Nc4 20. b3 Na3+ 21. Kb2 b4 22. Qxb4 Nb5 23. Bxb5 axb5 24. Qxb5 Qf6+ 25. Kb1 Qxf2 26. Nd3 Qxg2 27. Nf4 Qxh1 28. Rxh1 Bxh1 29. Qg5 Be4 30. h4 Rfc8 31. Nd3 Bxd3 32. cxd3 h6 33. Qe7 Rd8 34. Qb7 Rab8 35. Qc7 Rbc8 36. Qb7 Rc3 37. Qe7 Rcxd3 38. h5 R3d7 39. Qc5 Rd5 40. Qc6 Rxh5 41. a4 Rb8 42. Ka2 Rh2+ 43. Ka3 Rh3 44. Qc4 Rh5 45. Qc3 Rd5 46. a5 Rdb5 47. b4 h5 48. a6 h4 49. a7 Ra8 50. Qc7 h3 51. Ka4 h2 52. Qc6 Rxb4+ 53. Kxb4 Rxa7 54. Qh1 Ra2 55. Kb3 Rf2 56. Kc3 g5 57. Kd3 g4 58. Ke3 g3 59. Qe4 Rf5 60. Qh4 f6 61. Qxg3+ Kf7 62. Qxh2 e5 63. Qh7+ Ke6 64. Qg8+ Ke7 65. Qg7+ Ke6 66. Qg8+ Ke7 67. Qg7+ Ke6 68. Qg8+ 1/2-1/2


[Site "https://www.chess.com"]

[Event "Titled Tuesday Blitz February 22 Late 2022"]
[White "Baskin, Robert"]
[Black "Khanin, Semen"]
[WhiteFideId "24662402"]
[BlackFideId "4111990"]
[WhiteElo "2488"]
[BlackElo "2442"]
[Result "0-1"]
[Round "04"]
[TimeControl "180+1"]
[Date "2022.02.22"]
[WhiteClock "0:00:01"]
[BlackClock "0:00:17"]

1. d4 Nf6 2. c4 g6 3. f3 Bg7 4. e4 d6 5. Nc3 a6 6. Be3 c6 7. Qd2 b5 8. cxb5 axb5 9. Nge2 b4 10. Nd1 O-O 11. Nf2 Qa5 12. Nc1 Be6 13. Be2 c5 14. O-O cxd4 15. Bxd4 Nc6 16. Be3 Nd7 17. Ncd3 Nc5 18. Nf4 Bxa2 19. Bc4 b3 20. Qe2 Nb4 21. Ng4 Nc2 22. Bd2 Qb6 23. Nd5 Qb7 24. Bh6 Bxb2 25. e5 e6 26. Ndf6+ Kh8 27. Qd2 Rg8 28. Bg5 Rg7 29. Bh6 Rgg8 30. Nxg8 Kxg8 31. Nf6+ Kh8 32. Bg5 Bxe5 33. Ng4 Bd4+ 34. Qxd4+ Nxd4 35. Bf6+ Kg8 36. Bxd4 e5 37. Nf6+ Kg7 38. Bd5 Qb4 39. Bf2 Kxf6 40. Bxa8 b2 41. Rxa2 b1=Q 0-1


[Site "https://www.chess.com"]

[Event "Titled Tuesday Blitz February 22 Late 2022"]
[White "Batsiashvili, Nino"]
[Black "Klukin, Kirill"]
[WhiteFideId "13602993"]
[BlackFideId "24199273"]
[WhiteElo "2230"]
[BlackElo "2324"]
[Result "0-1"]
[Round "04"]
[TimeControl "180+1"]
[Date "2022.02.23"]
[WhiteClock "0:00:02"]
[BlackClock "0:01:09"]

1. d4 Nf6 2. c4 Nc6 3. Nc3 e6 4. Nf3 Bb4 5. e3 d6 6. Bd2 Bxc3 7. Bxc3 Ne4 8. Rc1 Nxc3 9. Rxc3 O-O 10. a3 a5 11. d5 Nb8 12. Be2 e5 13. Nd2 a4 14. O-O Nd7 15. f4 exf4 16. exf4 Nc5 17. Rg3 Bf5 18. Nb1 Qf6 19. Nc3 Rfe8 20. Qd2 Re7 21. Bd1 h6 22. Bc2 Rae8 23. Bxa4 Nxa4 24. Nxa4 Re2 25. Qc3 Qxc3 26. Rxc3 Rd2 27. Rg3 Bc2 28. Nc3 Bd3 29. Rc1 Bxc4 30. b4 b5 31. h3 g6 32. f5 g5 33. f6 Kh7 34. h4 Kg6 35. hxg5 hxg5 36. Rf3 Re5 37. Rf2 Rxf2 38. Kxf2 Kxf6 39. a4 bxa4 40. Nxa4 Bb3 41. Nb2 Re7 42. Nd3 Bxd5 43. b5 Be4 44. Nb4 Kg6 45. Na6 Bd3 46. Nxc7 Be4 47. b6 Bb7 48. Rd1 Rd7 49. Ke3 Bxg2 50. Kd4 f5 51. Rb1 Bb7 52. Nd5 g4 53. Nf4+ Kg5 54. Ne6+ Kf6 55. Nf4 Re7 56. Nd5+ Bxd5 57. Kxd5 Re5+ 58. Kxd6 Re6+ 59. Kd5 Re8 60. b7 Rb8 0-1


[Site "https://www.chess.com"]

[Event "Titled Tuesday Blitz February 22 Late 2022"]
[White "Blohberger, Felix"]
[Black "Estrada Nieto, Julian"]
[WhiteFideId "1632051"]
[BlackFideId "5101018"]
[WhiteElo "2474"]
[BlackElo "2246"]
[Result "1-0"]
[Round "04"]
[TimeControl "180+1"]
[Date "2022.02.23"]
[WhiteClock "0:00:04"]
[BlackClock "0:00:03"]

1. d4 d5 2. Nf3 Nf6 3. Bf4 c5 4. e3 Nc6 5. Nbd2 e6 6. c3 h6 7. h3 Bd6 8. Ne5 O-O 9. Bd3 Bxe5 10. Bxe5 Nxe5 11. dxe5 Nd7 12. Nf3 Qc7 13. Bc2 Nxe5 14. Qe2 b6 15. O-O-O Bb7 16. Nxe5 Qxe5 17. f4 Qc7 18. g4 d4 19. Rhg1 dxc3 20. g5 cxb2+ 21. Kb1 Rfd8 22. gxh6 g6 23. h4 Rxd1+ 24. Qxd1 Rd8 25. Qg4 Qc6 26. Bxg6 Kf8 27. Bc2 Ke7 28. h7 Qe8 29. Qg5+ f6 30. Qh6 Kd6 31. Rg8 Qxg8 32. hxg8=Q Rxg8 33. Qxf6 Rg1+ 34. Kxb2 Bd5 35. Qe5+ Kc6 36. h5 Rg2 37. h6 Bc4 38. Kc3 b5 39. Be4+ Kb6 40. Bxg2 Ka5 41. Qc7+ Ka4 42. Qxa7# 1-0


[Site "https://www.chess.com"]

[Event "Titled Tuesday Blitz February 22 Late 2022"]
[White "Bluebaum, Matthias"]
[Black "Goltseva, Ekaterina"]
[WhiteFideId "24651516"]
[BlackFideId "24173770"]
[WhiteElo "2550"]
[BlackElo "2140"]
[Result "1-0"]
[Round "04"]
[TimeControl "180+1"]
[Date "2022.02.22"]
[WhiteClock "0:00:06"]
[BlackClock "0:00:01"]

1. d4 Nf6 2. Nf3 e6 3. e3 c5 4. Bd3 b6 5. O-O Bb7 6. c4 d5 7. Nc3 Be7 8. cxd5 Nxd5 9. Bb5+ Bc6 10. Qa4 Bxb5 11. Qxb5+ Qd7 12. Qe2 Nc6 13. Rd1 cxd4 14. Nxd5 Qxd5 15. Nxd4 Rd8 16. Rd2 O-O 17. b3 Bb4 18. Nxc6 Qxc6 19. Rc2 Qd6 20. Bb2 Qe7 21. h3 f6 22. Rac1 Rd7 23. Rc6 Rd6 24. Qg4 Rxc6 25. Rxc6 Re8 26. Qc4 Bc5 27. b4 Qd7 28. b5 Qd5 29. Qg4 Qd8 30. Rxe6 Rxe6 31. Qxe6+ Kh8 32. g3 h6 33. Kg2 Qa8+ 34. Qc6 Qd8 35. a4 Qd2 36. Qe8+ Kh7 37. Qe4+ Kh8 38. Bd4 Qb4 39. Qa8+ Kh7 40. Bxc5 bxc5 41. Qxa7 Qe4+ 42. Kh2 Qf3 43. Kg1 Qd1+ 44. Kg2 Qd5+ 45. Kh2 Qf3 46. Kg1 Qd1+ 47. Kg2 Qd5+ 48. e4 Qxe4+ 49. Kh2 Qf3 50. Qxc5 Qe2 51. Qe3 Qa2 52. b6 1-0


[Site "https://www.chess.com"]

[Event "Titled Tuesday Blitz February 22 Late 2022"]
[White "Bodnar, Nikolay"]
[Black "Zhou, Qiyu"]
[WhiteFideId "14106469"]
[BlackFideId "505161"]
[WhiteElo "2296"]
[BlackElo "1925"]
[Result "1-0"]
[Round "04"]
[TimeControl "180+1"]
[Date "2022.02.23"]
[WhiteClock "0:00:21"]
[BlackClock "0:00:01"]

1. e4 e5 2. Nf3 Nc6 3. Bc4 Bc5 4. c3 Nf6 5. d3 a6 6. O-O Ba7 7. Re1 O-O 8. a4 d6 9. h3 h6 10. Be3 Ne7 11. Bxa7 Rxa7 12. Nbd2 Ng6 13. Nf1 Be6 14. Bxe6 fxe6 15. Ng3 Nf4 16. d4 exd4 17. cxd4 Nh7 18. Kh2 Ng5 19. Ra3 Ra8 20. Nxg5 Qxg5 21. Qg4 Qxg4 22. hxg4 Ng6 23. f3 Ne7 24. Rc3 c6 25. a5 g6 26. Ra1 d5 27. e5 Kf7 28. Ra4 Rfc8 29. Rb4 Rc7 30. Rcb3 Rb8 31. Rb6 c5 32. dxc5 Rxc5 33. Rxb7 Rxb7 34. Rxb7 Rxa5 35. Ne2 Ra4 36. b4 a5 37. b5 Rb4 38. Nc3 a4 39. Ra7 Rb3 40. Nxa4 Rxb5 41. Nc3 Rc5 42. Ne2 Rc4 43. Kg3 Kf8 44. Nf4 Kf7 45. Nxg6 Kxg6 46. Rxe7 Rc6 47. f4 Rc3+ 48. Kh4 Rc6 49. g3 Rc1 50. Rxe6+ Kg7 51. g5 Rh1+ 52. Kg4 hxg5 53. Kxg5 Rg1 54. g4 Kf7 55. Rd6 Rd1 56. Rd7+ Ke6 57. Rd6+ Ke7 58. f5 Re1 59. Re6+ Kd7 60. Rd6+ Ke7 61. Rxd5 Rh1 62. e6 1-0


[Site "https://www.chess.com"]

[Event "Titled Tuesday Blitz February 22 Late 2022"]
[White "Borisova, Ekaterina"]
[Black "Zakhartsov, Vladimir"]
[WhiteFideId "34124184"]
[BlackFideId "4145097"]
[WhiteElo "2034"]
[BlackElo "2432"]
[Result "0-1"]
[Round "04"]
[TimeControl "180+1"]
[Date "2022.02.22"]
[WhiteClock "0:00:03"]
[BlackClock "0:00:41"]

1. d4 Nf6 2. c4 e6 3. Nc3 d5 4. cxd5 exd5 5. Bg5 Nbd7 6. e3 Be7 7. Bd3 c6 8. Qc2 O-O 9. Nf3 Re8 10. O-O h6 11. Bh4 Ne4 12. Bxe7 Qxe7 13. Bxe4 dxe4 14. Nd2 f5 15. d5 Ne5 16. Qb3 Kh7 17. Nc4 Nd3 18. Rad1 Rd8 19. dxc6 bxc6 20. Na5 Qc5 21. Qa3 Qxa3 22. bxa3 c5 23. Ne2 Ba6 24. Rd2 Rab8 25. Rfd1 Rdc8 26. Rc2 c4 27. Nd4 Rb6 28. h4 Rc5 29. Nac6 Rcxc6 30. Nxc6 Rxc6 31. Rb1 Rb6 32. Rxb6 axb6 33. a4 Kg6 34. Kh2 Kf6 35. Kg3 Ke5 36. f3 Nb4 37. Rb2 Nd5 38. fxe4 Kxe4 39. h5 c3 40. Rb1 c2 41. Rc1 Kd3 42. a5 bxa5 0-1


[Site "https://www.chess.com"]

[Event "Titled Tuesday Blitz February 22 Late 2022"]
[White "Boros, Denes"]
[Black "Karttunen, Mika"]
[WhiteFideId "722340"]
[BlackFideId "502081"]
[WhiteElo "2464"]
[BlackElo "2343"]
[Result "1-0"]
[Round "04"]
[TimeControl "180+1"]
[Date "2022.02.22"]
[WhiteClock "0:01:41"]
[BlackClock "0:00:43"]

1. e4 c5 2. Nf3 d6 3. Nc3 Nc6 4. Bb5 Bd7 5. O-O e5 6. d3 Be7 7. Nd5 a6 8. Bc4 b5 9. Bb3 Na5 10. Nxe7 Nxe7 11. Ng5 c4 12. dxc4 bxc4 13. Qh5 g6 14. Qh6 cxb3 15. Qg7 Be6 16. Qxh8+ Kd7 17. Qxd8+ Rxd8 18. axb3 Nb7 19. Rxa6 Nc6 20. Be3 f6 21. Nxh7 f5 22. Nf6+ Ke7 23. Bg5 Kf7 24. Rxc6 1-0


[Site "https://www.chess.com"]